 Dungeon Crawl Stone Soup version 0.30-a0-782-ge64f9170bb (webtiles) character file.

Game seed: 982001297116230309

4533 Oxelix the Grappler (level 10, 0/104 HPs)
             Began as a Troll Fighter on Feb 18, 2023.
             Was a Priest of Qazlal.
             Slain by bezhaha's ghost (17 damage)
             ... on level 7 of the Dungeon.
             The game lasted 00:12:46 (5817 turns).

Oxelix the Grappler (Troll Fighter)                 Turns: 5817, Time: 00:12:46

Health: 0/104      AC:  7    Str: 30    XL:     10   Next: 17%
Magic:  9/9        EV:  9    Int: 10    God:    Qazlal [***...]
Gold:   235        SH:  0    Dex: 17    Spells: 9/9 levels left

rFire   . . .      SeeInvis .      - Unarmed
rCold   . . .      Faith    .    b - +0 kite shield
rNeg    . . .      Spirit   .    G - +2 robe of the Gate {Rampage rPois Dex+2}
rPois   +          Reflect  .    (helmet restricted)
rElec   .          Harm     .    d - +0 cloak
rCorr   .          Rampage  +    (gloves unavailable)
Will    .....                    (boots unavailable)
Stlth   +                        C - amulet of magic regeneration
HPRegen 1.17/turn                j - +6 ring of dexterity
MPRegen 0.51/turn                D - +6 ring of intelligence

@: confused, mighty, ambrosia-drunk
A: large, unfitting armour, claws 3, regeneration 1, shaggy fur 1, tough skin 1
a: Renounce Religion, Upheaval, Elemental Force


You were on level 7 of the Dungeon.
You worshipped Qazlal.
Qazlal was most pleased with you.
You visited 2 branches of the dungeon, and saw 8 of its levels.
You also visited: Sewer.

You collected 496 gold pieces.
You spent 261 gold pieces at shops.

Inventory:

Hand Weapons
 x - the +5 quarterstaff "Usius" {venom, Int+3}
   (You found it on level 7 of the Dungeon)

   Int:       It affects your intelligence (+3).
 F - a +1 giant spiked club
Missiles
 g - a throwing net (quivered)
 I - 4 boomerangs
Armour
 b - a +0 kite shield (worn)
 d - a +0 cloak (worn)
 G - the +2 robe of the Gate (worn) {Rampage rPois Dex+2}
   (You bought it in a shop on level 3 of the Dungeon)

   Dex:       It affects your dexterity (+2).
   rPois:     It protects you from poison.
   Rampage:   It bestows one free step when moving towards enemies.
Jewellery
 j - a +6 ring of dexterity (left claw)
 C - an amulet of magic regeneration (around neck)
 D - a +6 ring of intelligence (right claw)
 E - an amulet of faith
Wands
 s - a wand of flame (7)
 u - a wand of paralysis (3)
 y - a wand of mindburst (11)
 z - a wand of polymorph (20)
 A - a wand of iceblast (6)
Scrolls
 e - 2 scrolls of magic mapping {unknown}
 k - a scroll of noise {unknown}
 l - a scroll of enchant weapon
 n - a scroll of teleportation
 o - a scroll of fear {unknown}
 p - a scroll of identify
 r - a scroll of butterflies
 v - a scroll of brand weapon
 w - a scroll of blinking {unknown}
 H - a scroll of amnesia {unknown}
Potions
 a - a potion of experience {unknown}
 h - 2 potions of flight
 i - 3 potions of heal wounds
 m - 2 potions of lignification {unknown}
 q - a potion of haste {unknown}
 t - 4 potions of curing
 B - a potion of resistance {unknown}


   Skills:
 + Level 8.1 Fighting
 - Level 2.4 Dodging
 - Level 2.6 Shields
 - Level 12.0 Unarmed Combat


You had 9 spell levels left.
You didn't know any spells.
Your spell library contained the following spells:

 Spells                   Type           Power      Damage    Failure   Level
 Freeze                   Ice            0%         1d3       67%         1
 Slow                     Hex            0%         N/A       67%         1
 Confusing Touch          Hex            0%         N/A       95%         3
 Frozen Ramparts          Ice            0%         1d1       95%         3
 Hailstorm                Conj/Ice       0%         3d3       95%         3
 Ignite Poison            Fire/Tmut/Pois 0%         N/A       95%         3
 Vampiric Draining        Necr           0%         2d6       95%         3
 Sticky Flame             Conj/Fire      0%         2d3       100%        4
 Ignition                 Fire           0%         3d3       100%        8


Dungeon Overview and Level Annotations

Branches:
Dungeon (7/15)             Temple (1/1) D:4           Sewer (visited)

Altars:
Ashenzari
Cheibriados
Elyvilon
Fedhas
Gozag
Hepliaklqana
Kikubaaqudgha
Makhleb
Nemelex Xobeh
Okawaru
Qazlal
Ru
Sif Muna
Uskayaw
Vehumet
Wu Jian
Xom
Yredelemnul
Zin
The Shining One

Shops:
D:3 [   D:5 *

Annotations:
D:7 bezhaha's ghost, novice OgWr


Innate Abilities, Weirdness & Mutations

You are too large for most types of armour.
You have claws for hands.
Your natural rate of healing is unusually fast.
You are covered in fur. (AC +1)
You have tough skin. (AC +1)


Message History

The blast of magma engulfs the orc warrior.
The orc warrior is lightly wounded.
You block the orc warrior's attack. You block the orc's attack.
The orc warrior hits you with a +0 halberd!
You feel very mighty all of a sudden. You block the orc warrior's attack.
You block the orc's attack.
The orc warrior hits you with a +0 halberd.
You mangle the orc warrior!!
The orc warrior is almost dead.
The orc warrior hits you from afar with a +0 trident!
* * * LOW HITPOINT WARNING * * *
You block the orc's attack. You block the orc warrior's attack.
You scratch the orc warrior.
You kill the orc warrior!
Qazlal accepts your kill. The orc warrior closely misses you.
The orc hits you with a +0 flail!
* * * LOW HITPOINT WARNING * * *
You are confused.
You feel invigorated. The orc hits you but does no damage.
The orc warrior barely misses you. The orc hits you with a +0 flail.
* * * LOW HITPOINT WARNING * * *
You mangle the orc!!
You kill the orc!
Qazlal accepts your kill. The orc closely misses you.
The orc warrior hits you from afar with a +0 trident.
* * * LOW HITPOINT WARNING * * *
You mangle the orc!!
You kill the orc!
Qazlal accepts your kill.
The orc warrior hits you from afar with a +0 trident.
* * * LOW HITPOINT WARNING * * *
The orc warrior misses you. Bezhaha's ghost hits you.
* * * LOW HITPOINT WARNING * * *
You see here a +0 morningstar.
You completely miss bezhaha's ghost.
The orc warrior hits you from afar with a +0 trident!
* * * LOW HITPOINT WARNING * * *
Bezhaha's ghost hits you!
You die...

##......## ##........##
#..........# #....<.....#
#..........###
#............##
#..........#..########
##.........○)........#
#.....8....☼@.......8# ##
#.....######W)'#######
.####.....#...ooo.......#
......<...#..)o#####....#
#####.....#.###.o...###.#
##....#.#8#..8..#8#.#
##...#.............#
#####8...)[_[....8#
###### #######


You could see an orc warrior, 2 orc priests, bezhaha's ghost and an orc.

Vanquished Creatures
  The ghost of flt the Changer, a novice DgTm (D:6)
  A troll (D:6)
  Sigmund (D:2)
  Edmund (D:6)
  A vampire mosquito (D:6)
  Duvessa (D:5)
  4 black bears
  3 orc warriors
  2 sky beasts (D:7)
  5 ogres
  2 centaurs
  2 kobold brigands (D:7)
  2 phantoms
  2 bullfrogs
  3 necrophages
  A wyvern zombie (D:6)
  2 scorpions
  5 wights
  Dowan (D:5)
  A howler monkey (D:6)
  4 bullfrog zombies (D:6)
  2 centaur zombies (D:6)
  3 hounds
  An orc priest (D:6)
  A human zombie (D:6)
  A jelly (D:6)
  Ijyb (D:3)
  2 orc wizards (D:7)
  6 iguanas
  A hell rat (Sewer)
  A mummy (D:6)
  Robin (D:3)
  3 river rats
  8 adders
  2 ufetubi (D:5)
  3 dart slugs
  11 orcs
  8 ball pythons
  8 bats
  6 endoplasms
  3 giant cockroaches
  20 goblins
  8 hobgoblins
  6 jackals
  18 kobolds
  6 quokkas
  A frilled lizard (D:1)
  7 rats
183 creatures vanquished.

Vanquished Creatures (others)
  A plant (D:4)
1 creature vanquished.

Grand Total: 184 creatures vanquished

Notes
Turn   | Place    | Note
-------+----------+-------------------------------------------
     0 | D:1      | Oxelix the Troll Fighter began the quest for the Orb.
     0 | D:1      | Reached XP level 1. HP: 22/22 MP: 0/0
   119 | D:1      | Reached XP level 2. HP: 28/29 MP: 1/1
   702 | D:2      | Reached skill level 3 in Unarmed Combat
   797 | D:2      | Noticed Sigmund
   808 | D:2      | Killed Sigmund
   809 | D:2      | Reached skill level 4 in Unarmed Combat
   809 | D:2      | Reached XP level 3. HP: 33/37 MP: 2/2
   809 | D:2      | Reached XP level 4. HP: 40/45 MP: 3/3
   809 | D:2      | Reached XP level 5. HP: 47/53 MP: 4/4
  1642 | D:3      | Reached skill level 5 in Unarmed Combat
  1652 | D:3      | Found Kalegu's Armour Shoppe.
  1652 | D:3      | You fall into a shaft and drop 2 floors!
  1652 | D:5      | Entered Level 5 of the Dungeon
  1670 | D:5      | Reached XP level 6. HP: 61/62 MP: 5/5
  1739 | D:5      | Reached skill level 6 in Unarmed Combat
  1771 | D:5      | Noticed Duvessa
  1771 | D:5      | Noticed Dowan
  1777 | D:5      | Killed Duvessa
  1778 | D:5      | Reached XP level 7. HP: 57/70 MP: 6/6
  1779 | D:5      | Killed Dowan
  2058 | D:4      | Found a staircase to the Ecumenical Temple.
  2070 | Temple   | Entered the Ecumenical Temple
  2117 | Temple   | Became a worshipper of Qazlal Stormbringer
  2196 | D:3      | Found a glowing drain.
  2219 | Sewer    | Entered a sewer
  2250 | Sewer    | Reached skill level 7 in Unarmed Combat
  2393 | D:3      | Noticed Ijyb
  2395 | D:3      | Killed Ijyb
  2397 | D:3      | Noticed Robin
  2403 | D:3      | Reached * piety under Qazlal
  2425 | D:3      | Killed Robin
  3725 | D:5      | Found a glowing golden altar of the Shining One.
  3727 | D:5      | Noticed an angel
  3852 | D:5      | Found Dorr's Gadget Gallery.
  3900 | D:5      | Reached skill level 5 in Fighting
  3900 | D:5      | Reached XP level 8. HP: 63/80 MP: 7/7
  3951 | D:5      | Reached skill level 8 in Unarmed Combat
  4095 | D:5      | Found a basalt altar of Yredelemnul.
  4102 | D:5      | Noticed a profane servitor
  4268 | D:3      | Bought the +2 robe of the Gate {Rampage rPois Dex+2} for
                  | 261 gold pieces
  4346 | D:6      | Noticed Edmund
  4350 | D:6      | Reached skill level 9 in Unarmed Combat
  4363 | D:6      | Killed Edmund
  4398 | D:6      | Noticed a troll
  4405 | D:6      | Killed a troll
  4447 | D:6      | Reached XP level 9. HP: 89/89 MP: 8/8
  4541 | D:6      | Found a runed translucent gate.
  4545 | D:6      | Noticed flt's ghost (novice DgTm)
  4560 | D:6      | Reached skill level 10 in Unarmed Combat
  4593 | D:6      | Found a snail-covered altar of Cheibriados.
  4596 | D:6      | Found a sacrificial altar of Ru.
  4599 | D:6      | Found a glowing silver altar of Zin.
  4657 | D:6      | Reached ** piety under Qazlal
  4813 | D:6      | Found a runed translucent gate.
  4813 | D:6      | Found a runed translucent gate.
  4815 | D:6      | Found an opulent altar of Gozag.
  4905 | D:6      | Found an ancient bone altar of Kikubaaqudgha.
  5097 | D:6      | Killed flt's ghost
  5098 | D:6      | Reached skill level 11 in Unarmed Combat
  5276 | D:7      | Identified the +5 quarterstaff "Usius" {venom, Int+3}
  5313 | D:7      | Reached XP level 10. HP: 102/102 MP: 9/9
  5320 | D:7      | Reached skill level 12 in Unarmed Combat
  5480 | D:7      | Reached *** piety under Qazlal
  5761 | D:7      | Found a runed translucent gate.
  5774 | D:7      | Found a runed translucent gate.
  5775 | D:7      | Found a runed translucent gate.
  5781 | D:7      | Noticed bezhaha's ghost (novice OgWr)
  5817 | D:7      | Slain by bezhaha's ghost

Illustrated notes

Levels and vault maps discovered:
D:1:      psy_arrival_conway, layout_basic
D:2:      layout_basic, minmay_misc_feat_encased, minmay_tetromino_t2,
          uniq_sigmund
D:3:      layout_loops_ring, cheibrodos_sewer_entry_sluice, serial_shops, shop,
          kennysheep_minor_cross, uniq_ijyb, uniq_robin
D:4:      layout_gridville, minmay_temple_entry_steel_oval, serial_forest,
          infiniplex_forest_3_way, infiniplex_forest_lined_3,
          infiniplex_forest_straight_4, infiniplex_forest_end_1,
          infiniplex_forest_lined_room_2, infiniplex_forest_corner_2,
          nrook_mini_vaults, chequers_serial_rivers_small_b
D:5:      layout_loops_ring, grunt_temple_overflow_holy_war,
          nicolae_shop_gadgets, uniq_duvessa
D:6:      kennysheep_big_flooded_room, layout_cave_pools,
          lemuel_mausoleum_altar_kikubaaqudgha, grunt_temple_overflow_diamond,
          ebering_ghost_gozag, uniq_edmund
D:7:      layout_rooms, biasface_ghost_orc_armoury, dk_noncrumbling_3
Temple:   nicolae_temple_ecumenical_triangle

Skill      XL: |  1  2  3  4  5  6  7  8  9 10 |
---------------+-------------------------------+-----
Unarmed Combat | 4 5 6 7 9 11 12 | 12.0
Fighting       | 3 4 5 6 7 8 |  8.1
Dodging        | |  2.4
Shields        | |  2.6

Action                     |  1- 3 |  4- 6 |  7- 9 | 10-12 || total
---------------------------+-------+-------+-------+-------++-------
  Melee: Unarmed           |    81 |    64 |   311 |    54 ||   510
 Invoke: Upheaval          |       |       |       |     1 ||     1
    Use: Scroll            |       |       |     8 |       ||     8
         Potion            |       |       |     3 |     2 ||     5
   Stab: Sleeping          |     1 |     1 |       |       ||     2
 Armour: Robe              |    28 |    11 |    79 |    17 ||   135
  Dodge: Dodged            |    30 |    19 |   107 |    20 ||   176
  Block: Kite shield       |    31 |    30 |   141 |    42 ||   244
         Other             |       |       |     1 |       ||     1

Table legend: (Time is in decaauts)
 A = Elapsed time spent in this place.
 B = Non-inter-level travel time spent in this place.
 C = Inter-level travel time spent in this place.
 D = Time resting spent in this place.
 E = Time spent auto-exploring this place.
 F = Levels seen in this place.
 G = Mean time per level.
                   A        B        C        D        E       F      G
               +--------+--------+--------+--------+--------+-----+--------+
         Total |   5829 |   5514 |    315 |    334 |   3760 |   9 |  647.7 |
       Dungeon |   5709 |   5398 |    311 |    334 |   3713 |   7 |  815.6 |
        Temple |     52 |     48 |      4 |      0 |     18 |   1 |   52.0 |
         Sewer |     67 |     67 |      0 |      0 |     29 |   1 |   67.0 |
               +--------+--------+--------+--------+--------+-----+--------+

Top non-repeatable levels by time:
     D:4: 1034 daAuts
     D:2: 899 daAuts
     D:3: 845 daAuts
     D:6: 838 daAuts
     D:5: 749 daAuts
     D:1: 689 daAuts
     D:7: 652 daAuts
   Sewer: 67 daAuts
  Temple: 52 daAuts
